 Dungeon Crawl Stone Soup version 0.30.1-11-g7821555f0a (webtiles) character file.

Game seed: 726164420237409976

326 FakeRyeBread the Magician (level 6, 0/47 HPs)
             Began as a Djinni Conjurer on Nov 18, 2023.
             Slain by Dowan
             ... wielding a +3 dagger of speed
              (4 damage)
             ... on level 4 of the Dungeon.
             The game lasted 00:12:05 (3210 turns).

FakeRyeBread the Magician (Djinni Conjurer)         Turns: 3210, Time: 00:12:07

Health: 0/47       AC:  4    Str: 12    XL:     6   Next: 78%
Gold:   193        EV: 11    Int: 21    God:
                   SH:  3    Dex: 12

rFire   + + .        s - +0 short sword (venom)
rCold   x . .        k - +0 buckler
rNeg    . . .        a - +0 robe
rPois   ∞            (no helmet)
rElec   .            d - +0 cloak
rCorr   .            g - +0 pair of gloves
SInv    +            (boots unavailable)
Will    .....        (no amulet)
Stlth   ++           h - ring of see invisible
HPRegen 0.27/turn    i - +6 ring of strength
MPRegen 0.00/turn

%: infuse magic (-1 HP)
@: flying
A: sickness immunity, fire resistance 2, cold vulnerability 1, float, innate
caster, HP casting, extra vitality 1
a: no special abilities


You were on level 4 of the Dungeon.
You visited 1 branch of the dungeon, and saw 4 of its levels.

You collected 193 gold pieces.

Inventory:

Hand Weapons
 s - a +0 short sword of venom (weapon)
Missiles
 p - a throwing net
Armour
 a - a +0 robe (worn)
 d - a +0 cloak (worn)
 g - a +0 pair of gloves (worn)
 k - a +0 buckler (worn)
Jewellery
 h - a ring of see invisible (left hand)
 i - a +6 ring of strength (right hand)
 n - a ring of protection from fire
Scrolls
 b - 2 scrolls of magic mapping
Potions
 c - a potion of mutation {unknown}
 e - 4 potions of curing
 f - a potion of might {unknown}
 j - a potion of degeneration {unknown}
 l - 2 potions of haste
 o - a potion of resistance {unknown}


   Skills:
 + Level 4.3 Fighting
 - Level 2.1 Dodging
 - Level 1.5 Stealth
 + Level 4.7 Spellcasting


You knew the following spells:

 Your Spells              Type           Power      Damage    Failure   Level
a - Magic Dart            Conj           100%       1d8       2%          1
b - Searing Ray           Conj           50%        2d6       3%          2
c - Dazzling Flash        Conj/Hex       50%        N/A       7%          3
d - Fulminant Prism       Conj/Hex       12%        3d8       22%         4
e - Iskenderun's Mystic   Conj/Tloc      25%        2d7       22%         4
f - Shock                 Conj/Air       100%       1d9       2%          1
g - Wereblood             Tmut           25%        N/A       3%          2
Your spell library was empty.

Dungeon Overview and Level Annotations

Branches:
Dungeon (4/15)
 Temple: D:4-7

Altars:
Gozag
Wu Jian
Yredelemnul

Annotations:
D:4 Dowan


Innate Abilities, Weirdness & Mutations

You are immune to sickness and miasma.
You are immune to poison.
Your flesh is very heat resistant. (rF++)
You are vulnerable to cold. (rC-)
You float through the air rather than walking.
You learn spells naturally, not from books.
Your magical power is your life essence.
You have superior vitality. (+4 MHP)


Message History

Dowan casts a spell.
Dowan blinks!
Duvessa closely misses you.
Dowan mumbles some strange words.
Dowan blinks!
Duvessa misses you. Duvessa attacks as you move away!
You block Duvessa's attack. Duvessa completely misses you.
Dowan gestures wildly while chanting.
Dowan blinks!
You hit Dowan.
Dowan is poisoned.
Dowan is moderately wounded.
Duvessa closely misses you. Dowan barely misses you.
Duvessa hits you with a +0 short sword.
* * * LOW HITPOINT WARNING * * *
You feel better.
Dowan hits you with a +3 dagger of speed.
* * * LOW HITPOINT WARNING * * *
Duvessa closely misses you. You block Dowan's attack.
Aiming: Searing Ray (safe; 3% risk of failure)
Press: ? - help, Q - select action, (/) - cycle Shift-Dir - straight line, f - Duvessa
Aim: Duvessa, wielding a +0 short sword and wearing a +0 leather armour (severely wounded, fast, 82% to hit)
The searing ray hits Duvessa.
Duvessa is almost dead. (Press . to maintain the ray.)
* * * LOW HITPOINT WARNING * * *
Duvessa closely misses you. Dowan closely misses you.
Duvessa hits you with a +0 short sword.
* * * LOW HITPOINT WARNING * * *
The searing ray misses Duvessa.
* * * LOW HITPOINT WARNING * * *
Dowan closely misses you. Duvessa closely misses you.
Dowan says, "Stay away from my face!"
Dowan closely misses you.
The searing ray hits Duvessa!
You kill Duvessa!
Dowan screams, "No!
Oh no!"
Dowan seems to find hidden reserves of power!
* * * LOW HITPOINT WARNING * * *
Dowan hits you with a +3 dagger of speed.
You die...

######### ##..# ## ##.##
.###### #..## ......##### ..
##..# .###......... #>.#
.......# .# #.## ....##.##
..# ####.# ###..#..##.#
#############....#
##..§....###.)@e...>.....####
# ###...###...############# #
#.........### # ##.##...#..#
###......###.# [:
..#.####.###... ... #...#
#...####. .... #.#.##
###..###### #...
(....#######.....##....


You could see Dowan (fast, poisoned).

Vanquished Creatures
  Duvessa (D:4)
  A gnoll sergeant (D:4)
  A gnoll bouda (D:4)
  Crazy Yiuf (D:3)
  11 gnolls
  2 adders
  2 worms
  A dart slug (D:4)
  4 orcs
  5 ball pythons
  10 endoplasms
  2 giant cockroaches
  8 goblins
  6 hobgoblins
  2 jackals (D:2)
  A quokka (D:4)
  8 bats
  7 frilled lizards
  3 kobolds
  A rat (D:1)
77 creatures vanquished.

Notes
Turn   | Place    | Note
-------+----------+-------------------------------------------
     0 | D:1      | FakeRyeBread the Djinni Conjurer began the quest for the
                  | Orb.
     0 | D:1      | FakeRyeBread set off with the following spells memorised:
                  | Magic Dart, Searing Ray, Dazzling Flash, Fulminant Prism,
                  | Iskenderun's Mystic Blast.
     0 | D:1      | Reached XP level 1. HP: 15/15 MP: 0/0
   170 | D:1      | Reached skill level 1 in Fighting
   170 | D:1      | Reached XP level 2. HP: 20/22 MP: 0/0
   373 | D:1      | Reached XP level 3. HP: 26/27 MP: 0/0
   373 | D:1      | Learned a level 1 spell: Shock
  1145 | D:2      | Reached XP level 4. HP: 29/33 MP: 0/0
  1427 | D:3      | Found an opulent altar of Gozag.
  1526 | D:3      | Found a basalt altar of Yredelemnul.
  1761 | D:3      | Reached XP level 5. HP: 36/40 MP: 0/0
  1761 | D:3      | Learned a level 2 spell: Wereblood
  1806 | D:3      | Found a runed translucent door.
  1807 | D:3      | Noticed Crazy Yiuf
  2176 | D:3      | Killed Crazy Yiuf
  2632 | D:4      | Reached XP level 6. HP: 42/47 MP: 0/0
  2836 | D:4      | Noticed Dowan
  2844 | D:4      | Found an ornate altar of the Wu Jian Council.
  3175 | D:4      | Noticed Duvessa
  3210 | D:4      | Killed Duvessa
  3210 | D:4      | Slain by Dowan

Illustrated notes

Levels and vault maps discovered:
D:1:      nzn_arrival_depleted_hourglass, layout_basic, minmay_quantized
D:2:      layout_basic
D:3:      layout_loops_ring, nicolae_gozag_seed_capital,
          yredelemnul_altar_generic, uniq_crazy_yiuf_cottage
D:4:      layout_rooms, nicolae_hepliaklqana_monster_ancestors,
          nicolae_wu_jian_wuxing_cycle, lightli_minifort, uniq_duvessa

Skill      XL: |  1  2  3  4  5  6 |
---------------+-------------------+-----
Fighting       | 1 2 3 4 |  4.3
Spellcasting   | 4 |  4.7
Dodging        | |  2.1
Stealth        | |  1.5

Action                     |  1- 3 |  4- 6 || total
---------------------------+-------+-------++-------
  Melee: Short sword       |       |     1 ||     1
   Cast: Magic Dart        |    42 |    18 ||    60
         Searing Ray       |    11 |    31 ||    42
    Use: Scroll            |       |    12 ||    12
         Potion            |       |     1 ||     1
 Armour: Robe              |       |    10 ||    10
  Dodge: Dodged            |     8 |    42 ||    50
  Block: Buckler           |     1 |    10 ||    11
